AoeStats
← TheRattlesnake

Nomad

507549210Analyzed
3v3 RM · 13d ago on Sep 18, 2026· 72m 16s· 6 players
Game mode
Random Map
Map size
210×210
Population
200
Speed
Normal
Resources
Standard
Victory
Conquest
Starting age
Dark Age
Ending age
Imperial Age
RankedLock teamsTeams togetherTeam positionsShared explorationLock speedFull tech treeHidden civsTurbo modeCheats
Victory
Defeat
🇬🇧 Romans · United Kingdom
1179
+19
🇬🇷 Tatars · Greece
1176
+19
🇬🇷 Italians · Greece
1170
+19
🇨🇭 Maya · Switzerland
1332
-23
🇨🇭 Aztecs · Switzerland
1228
-18
🇨🇭 Dravidians · Switzerland
1171
-16
TheSalamander
5:24 Loom
14:01 Feudal Age
20:38 Castle Age
20:00 Gold Mining
20:13 Double-Bit Axe
20:22 Fletching
20:32 Padded Archer Armor
21:37 Bow Saw
25:04 Gold Shaft Mining
24:48 Forging
24:43 Scale Barding Armor
24:52 Scale Barding Armor
26:16 Fishing Lines
28:36 Bloodlines
31:29 Wheelbarrow
32:31 Town Watch
33:44 Husbandry
35:09 Hand Cart
40:33 Imperial Age
39:33 Bodkin Arrow
40:51 Horse Collar
41:47 Leather Archer Armor
42:16 Ballistics
41:52 Light Cavalry
42:35 Gillnets
43:36 Conscription
45:09 Bracer
47:01 Chain Barding Armor
47:17 Iron Casting
46:53 Cavalier
48:12 Medium Warships
48:58 Plate Barding Armor
48:35 Town Patrol
51:54 Blast Furnace
52:40 Ring Archer Armor
53:12 Devotion
54:10 Elite Skirmisher
54:36 Hussar
56:03 Heavy Cavalry Archer
58:15 Silk Armor
60:02 Heavy Plow
62:29 Timurid Siegecraft
62:29 Siege Engineers
63:26 Chemistry
TheMamba
10:08 Loom
12:50 Feudal Age
13:02 Man-at-Arms
16:24 Scale Mail Armor
22:16 Castle Age
20:08 Double-Bit Axe
21:15 Fletching
26:33 Squires
26:22 Horse Collar
34:37 Heavy Plow
34:53 Bow Saw
35:36 Long Swordsman
38:04 Wheelbarrow
37:14 Town Watch
43:01 Imperial Age
43:13 Imperial Age
46:25 Legionary
48:05 Chain Mail Armor
48:00 Forging
47:46 Bodkin Arrow
53:24 Heavy Scorpion
54:29 Padded Archer Armor
55:05 Iron Casting
58:12 Chemistry
57:32 Ballistics
57:23 Masonry
58:29 Conscription
59:28 Comitatenses
59:21 Ballistas
60:31 Blast Furnace
63:42 Gold Mining
63:42 Stone Mining
64:38 Padded Archer Armor
65:13 Pikeman
67:05 Coinage
66:35 Caravan
66:46 Guilds
66:15 Halberdier
67:56 Comitatenses
69:52 Architecture
69:27 Siege Engineers
TheRattlesnake
11:28 Loom
13:49 Feudal Age
14:25 Double-Bit Axe
15:39 Town Watch
16:30 Wheelbarrow
21:45 Castle Age
27:20 Fletching
28:09 Bodkin Arrow
29:28 Horse Collar
30:00 Bow Saw
31:36 Elite Skirmisher
33:52 Ballistics
40:34 Imperial Age
38:36 Padded Archer Armor
38:56 Thumb Ring
41:45 Bracer
42:53 Chemistry
42:49 Leather Archer Armor
45:04 Pirotechnia
47:00 Ring Archer Armor
47:38 Conscription
55:33 Masonry
56:56 Architecture
56:07 Treadmill Crane
58:01 Silk Road
61:43 Scale Mail Armor
61:53 Forging
65:28 Squires
65:14 Arson
65:35 Scale Barding Armor
65:47 Chain Mail Armor
68:11 Plate Mail Armor
68:16 Iron Casting
72:23 Blast Furnace
[UKB] Vincent Giovanni
8:37 Loom
16:25 Feudal Age
14:40 Loom
17:11 Double-Bit Axe
17:08 Horse Collar
17:51 Fishing Lines
21:18 Fletching
23:44 Castle Age
21:48 Padded Archer Armor
23:25 Scale Mail Armor
24:29 Bodkin Arrow
24:48 Thumb Ring
25:16 Bow Saw
25:42 Gold Mining
27:38 Ballistics
28:43 Gillnets
32:48 Wheelbarrow
32:19 Town Watch
33:51 Hand Cart
34:08 Pikeman
34:48 Squires
35:05 Forging
35:51 Leather Archer Armor
39:50 Arson
41:32 Medical Corps
42:35 Chain Mail Armor
43:03 Heavy Plow
43:02 Stone Mining
46:41 Imperial Age
43:59 Elite Skirmisher
45:19 Iron Casting
45:09 Devotion
47:24 Bracer
48:27 Chemistry
48:03 Conscription
47:19 Elite Elephant Archer
49:38 Masonry
49:08 Halberdier
55:00 Elite Urumi Swordsman
61:00 Scale Barding Armor
61:26 Plate Mail Armor
61:57 Blast Furnace
61:18 Caravan
61:28 Light Cavalry
62:08 Husbandry
62:55 Chain Barding Armor
63:39 Blast Furnace
hanibalX
5:02 Loom
14:51 Feudal Age
15:26 Double-Bit Axe
15:38 Gold Mining
17:08 Fishing Lines
18:01 Forging
17:51 Scale Mail Armor
21:12 Castle Age
22:19 Bow Saw
21:33 Eagle Warrior
22:48 Gillnets
23:44 Wheelbarrow
23:46 Iron Casting
25:50 Gambesons
26:05 Squires
25:53 Arson
26:37 Medium Warships
27:49 Gold Shaft Mining
28:53 Town Watch
29:24 Hand Cart
29:27 Horse Collar
30:11 Chain Mail Armor
30:19 Heavy Plow
31:08 Town Patrol
31:40 Sanctity
31:30 Fervor
32:08 Fletching
32:19 Padded Archer Armor
35:20 Imperial Age
32:47 Crossbowman
33:46 Leather Archer Armor
35:40 Bodkin Arrow
36:34 Block Printing
37:02 Ballistics
37:13 Conscription
38:52 Siege Engineers
38:30 Elite Skirmisher
40:16 Blast Furnace
39:47 Plate Mail Armor
40:45 Atlatl
46:27 Elite Eagle Warrior
49:54 Garland Wars
49:39 Bracer
51:55 Elite Jaguar Warrior
53:40 Pikeman
58:45 Treadmill Crane
[NICE_ASS] BigMasi
4:04 Loom
13:24 Feudal Age
14:54 Double-Bit Axe
19:50 Castle Age
17:55 Fletching
18:42 Stone Mining
19:21 Gold Mining
30:48 Bodkin Arrow
31:57 Padded Archer Armor
47:00 Wheelbarrow
51:09 Hand Cart
51:37 Leather Archer Armor
51:31 Town Watch
55:51 Imperial Age
53:48 Crossbowman
54:46 Forging
54:48 Thumb Ring
54:58 Bow Saw
56:33 Bracer
57:04 Ring Archer Armor
56:55 Ballistics
57:36 Chemistry
56:05 Arbalester
62:12 Conscription
61:15 Elite Plumed Archer
62:58 Onager
67:47 Eagle Warrior
68:13 Arson
68:28 Squires
68:31 Scale Mail Armor
68:41 Forging
69:33 Caravan
70:43 Holcans
69:45 Elite Eagle Warrior
71:17 Chain Mail Armor
71:37 Iron Casting
72:32 Plate Mail Armor
Connection lost

Rejoining the realm…

Still unreachable

The connection could not be restored.

Session expired

The server has moved on; the page needs a fresh start.